 Dungeon Crawl Stone Soup version 0.30-a0-830-gfe289a77b0 (webtiles) character file.

Game seed: 17493433532867947564

37827 Newt the Markskobold (level 14, -7/77 HPs)
             Began as a Kobold Hunter on Feb 28, 2023.
             Was a High Priest of Hepliaklqana.
             Mangled by a komodo dragon (21 damage)
             ... on level 12 of the Dungeon.
             The game lasted 00:27:27 (21463 turns).

Newt the Markskobold (Kobold Hunter)               Turns: 21463, Time: 00:27:27

Health: -7/77      AC: 18    Str:  8    XL:     14   Next: 31%
Magic:  0/28       EV: 23    Int: 10    God:    Hepliaklqana [*****.]
Gold:   1126       SH:  0    Dex: 26    Spells: 33/33 levels left

rFire   + . .      SeeInvis .    K - +0 sling
rCold   . . .      Faith    .    J - orb {mayhem}
rNeg    . . .      Spirit   +    n - +4 ring mail of Leapfrog {Dex+2}
rPois   .          Reflect  .    l - +2 helmet
rElec   .          Harm     .    (no cloak)
rCorr   +          Rampage  .    (no gloves)
Will    +....      Clarity  +    s - +0 pair of boots
Stlth   +++++                    M - amulet "Cauq" {Spirit Drain +Inv Regen+ rCorr}
HPRegen 1.12/turn                y - +4 ring of protection
MPRegen 0.21/turn                r - ring of protection from fire

@: no status effects
A: reduced essence, small, no large weapons, nightstalker 3, camouflage 1,
clarity
a: Renounce Religion, Evoke Invisibility, Recall Ancestor, Ancestor Identity,
Transference, Idealise


You were on level 12 of the Dungeon.
You worshipped Hepliaklqana.
Hepliaklqana was extremely pleased with you.
You visited 3 branches of the dungeon, and saw 17 of its levels.
You also visited: Sewer and Bailey.

You collected 1342 gold pieces.
You spent 216 gold pieces at shops.

Inventory:

Hand Weapons
 a - a +1 shortbow
 b - a +0 shortbow of freezing
 K - a +0 sling (weapon)
 R - a +0 heavy shortbow
Missiles
 L - 3 throwing nets
Armour
 c - a +0 leather armour
 k - a +1 animal skin
 l - a +2 helmet (worn)
 n - the +4 ring mail of Leapfrog (worn) {Dex+2}
   (You took it off a kobold on level 9 of the Dungeon)

   Dex:       It affects your dexterity (+2).
 q - the +5 ring mail "Jaor" {rN+ Dex-2 SInv}
   (You bought it in a shop on level 3 of the Dungeon)

   Dex:       It affects your dexterity (-2).
   rN:        It protects you from negative energy.
   SInv:      It lets you see invisible.
 s - a +0 pair of boots (worn)
 J - an orb of mayhem (worn)
 N - a +1 troll leather armour
Jewellery
 m - a +6 ring of dexterity
 o - a ring of resist corrosion
 r - a ring of protection from fire (right hand)
 y - a +4 ring of protection (left hand)
 B - a ring of fire
 M - the amulet "Cauq" (around neck) {Spirit Drain +Inv Regen+ rCorr}
   (You acquired it on level 10 of the Dungeon)

   [amulet of guardian spirit]

   It causes incoming damage to be divided between your reserves of health and
   magic.
   +Inv:      It lets you turn invisible.
   Regen:     It increases your rate of health regeneration.
   rCorr:     It protects you from acid and corrosion.
   Drain:     It drains your maximum health when unequipped.
Wands
 t - a wand of polymorph (36)
 A - a wand of quicksilver (15)
 E - a wand of charming (6)
 G - a wand of iceblast (17)
 S - a wand of flame (5)
Scrolls
 j - 4 scrolls of noise
 z - 6 scrolls of immolation
 C - 2 scrolls of fog
 I - a scroll of magic mapping
 O - 3 scrolls of identify
 Q - a scroll of amnesia
 U - a scroll of enchant weapon
 V - a scroll of enchant armour
Potions
 d - 3 potions of cancellation
 e - a potion of berserk rage
 f - 2 potions of attraction
 g - 4 potions of mutation
 h - 3 potions of flight
 i - 7 potions of curing
 p - 3 potions of degeneration
 u - 2 potions of lignification
 v - 2 potions of invisibility
 w - a potion of magic
 x - a potion of might
 D - a potion of haste
 F - 2 potions of resistance
 H - 6 potions of ambrosia
 T - 4 potions of heal wounds
 W - a potion of brilliance


   Skills:
 - Level 9.0 Fighting
 - Level 18.0 Ranged Weapons
 - Level 5.0 Armour
 - Level 13.0 Dodging
 - Level 5.0 Stealth
 + Level 10.4 Spellcasting
 - Level 5.0 Invocations
 - Level 7.0 Evocations


You had 33 spell levels left.
You didn't know any spells.
Your spell library contained the following spells:

 Spells                   Type           Power      Damage    Failure   Level
 Apportation              Tloc           10%        N/A       36%         1
 Kiss of Death            Conj/Necr      20%        2d7       36%         1
 Summon Small Mammal      Summ           20%        N/A       36%         1
 Cigotuvi's Dreadful Rot  Necr/Pois/Air  10%        N/A       50%         2
 Poisonous Vapours        Pois/Air       10%        N/A       50%         2
 Static Discharge         Conj/Air       10%        2-3/arc   50%         2
 Call Canine Familiar     Summ           5%         N/A       73%         3
 Mephitic Cloud           Conj/Pois/Air  5%         N/A       73%         3
 Ozocubu's Armour         Ice            5%         N/A       73%         3
 Spider Form              Tmut/Pois      5%         N/A       73%         3
 Summon Guardian Golem    Hex/Summ       5%         N/A       73%         3
 Vhi's Electric Charge    Tloc/Air       10%        N/A       73%         3
 Airstrike                Air            2%         2d(1-17)  98%         4
 Olgreb's Toxic Radiance  Pois           5%         N/A       98%         4
 Passage of Golubria      Tloc           5%         N/A       98%         4
 Summon Lightning Spire   Summ/Air       5%         N/A       98%         4
 Alistair's Intoxication  Tmut/Pois      3%         N/A       100%        5
 Arcjolt                  Conj/Air       2%         1d12      100%        5
 Lightning Bolt           Conj/Air       2%         1d14      100%        5
 Silence                  Hex/Air        2%         N/A       100%        5
 Summon Forest            Summ/Tloc      2%         N/A       100%        5
 Summon Mana Viper        Hex/Summ       5%         N/A       100%        5
 Summon Cactus Giant      Summ           2%         N/A       100%        6
 Orb of Destruction       Conj           2%         9d5       100%        7
 Ozocubu's Refrigeration  Ice            2%         4d8       100%        7
 Spellforged Servitor     Conj/Summ      2%         N/A       100%        7
 Lehudib's Crystal Spear  Conj/Erth      2%         10d2      100%        8


Dungeon Overview and Level Annotations

Branches:
Dungeon (12/15)            Temple (1/1) D:5            Lair (4/5) D:11
 Shoals (0/4) Lair:3        Snake (0/4) Lair:2          Orc (0/2) D:12
  Sewer (visited)          Bailey (visited)
  Slime: Lair:4-5

Altars:
Ashenzari
Cheibriados
Dithmenos
Elyvilon
Fedhas
Gozag
Hepliaklqana
Kikubaaqudgha
Makhleb
Nemelex Xobeh
Okawaru
Qazlal
Ru
Sif Muna
Trog
Uskayaw
Vehumet
Wu Jian
Xom
Yredelemnul
Zin
The Shining One

Shops:
D:3 [

Annotations:
Lair:3 cforsyth's ghost, journeyman KoBr


Innate Abilities, Weirdness & Mutations

Your life essence is reduced to manifest your ancestor. (-10% HP)
You are small and have problems with some larger weapons.
You are completely attuned to the shadows.
Your skin changes colour to match your surroundings (Stealth+).
You possess an exceptional clarity of mind.


Message History

The brown ugly thing is almost dead.
The komodo dragon bites you!!
You shoot a sling bullet.
The sling bullet hits the brown ugly thing but does no damage.
The brown ugly thing is almost dead.
The brown ugly thing completely misses you.
You shoot a sling bullet.
The sling bullet hits the brown ugly thing!
The brown ugly thing is almost dead.
The komodo dragon completely misses you.
The brown ugly thing completely misses you.
You shoot a sling bullet.
The sling bullet hits the brown ugly thing but does no damage.
The brown ugly thing is almost dead.
The komodo dragon bites you but does no damage.
The brown ugly thing punches you but does no damage.
You shoot a sling bullet.
The sling bullet hits the brown ugly thing.
You kill the brown ugly thing!
The komodo dragon flies into a frenzy!
The komodo dragon bites you!!!
* * * LOW HITPOINT WARNING * * *
Unknown command.
You shoot a sling bullet.
The sling bullet hits the komodo dragon!
The komodo dragon is severely wounded.
The komodo dragon barely misses you.
The komodo dragon completely misses you.
You shoot a sling bullet.
The sling bullet hits the komodo dragon but does no damage.
The komodo dragon is severely wounded.
The komodo dragon closely misses you.
You shoot a sling bullet.
The sling bullet closely misses the komodo dragon.
The komodo dragon bites you!
* * * LOW HITPOINT WARNING * * *
You shoot a sling bullet.
The sling bullet hits the komodo dragon but does no damage.
The komodo dragon is severely wounded.
The komodo dragon bites you!!
You die...

..##..................##.........
#####....#............##.........
###.#...###......................
#.......#R#.....................
##.)...#...................#.#..
#........................#.....
####..#..........................
.####..#.........
...#.(...................#.#.(...


You could see a neutral komodo dragon (fast, strong, insane).

Vanquished Creatures
  Kirke (D:11)
  Harold (D:9)
  2 hydras
  2 boulder beetles
  4 two-headed ogres
  A skyshark (Lair:4)
  Pikel (D:5)
  A deep elf pyromancer (D:12)
  A cyclops (D:11)
  A manticore (Lair:3)
  2 ugly things
  3 elephants (Lair:1)
  5 cane toads
  An orange demon (D:9)
  3 komodo dragons
  An unseen horror (D:8)
  A queen bee (D:9)
  3 trolls
  Sigmund (D:3)
  2 wraiths
  A shadow (D:9)
  13 yaks
  3 basilisks
  A hog (D:11)
  3 vampire mosquitoes
  2 nagas (Lair:2)
  3 water moccasins
  An acid dragon (D:11)
  A warg (D:12)
  4 orc warriors
  2 ice beasts
  A sky beast (D:8)
  3 black bears
  2 ogres (D:6)
  2 boggarts
  6 centaurs
  2 phantoms
  Blork the orc (D:5)
  5 bullfrogs
  2 gnoll sergeants
  A kobold brigand (D:9)
  2 necrophages
  6 wights
  21 killer bees
  4 howler monkeys
  A hound (D:5)
  5 gnoll boudas
  3 orc priests
  2 jellies
  Natasha (D:4)
  8 orc wizards
  A hell rat (Sewer)
  Robin (D:2)
  27 gnolls
  5 adders
  2 river rats (Sewer)
  A shadow imp (D:5)
  2 worms (D:2)
  3 dart slugs
  39 orcs
  5 bats
  7 endoplasms
  4 giant cockroaches
  22 goblins
  15 hobgoblins
  6 quokkas
  14 ball pythons
  4 frilled lizards
  16 kobolds
  8 rats
331 creatures vanquished.

Vanquished Creatures (collateral kills)
  Fannar (Lair:3)
  Erolcha (D:10)
  A catoblepas (D:11)
  Amaemon (D:9)
  An orc knight (D:11)
  2 ugly things
  The ghost of pigah the Martial Artist, a novice OpWn (D:6)
  A manticore (D:11)
  An elephant (Lair:1)
  A black mamba (Lair:3)
  A gargoyle (D:10)
  A kobold demonologist (D:11)
  A rime drake (Lair:3)
  3 komodo dragons
  2 polar bears (Lair:3)
  A wind drake (Lair:3)
  A shadow (D:11)
  2 wyverns
  22 yaks
  5 wraiths
  A hog (D:11)
  A basilisk (Lair:3)
  A steam dragon (D:8)
  A vampire mosquito (D:10)
  A naga (Lair:2)
  A water moccasin (Lair:3)
  An acid dragon (D:10)
  2 orc warriors
  A black bear (Lair:3)
  5 centaurs
  2 boggarts
  A kobold brigand (D:9)
  A necrophage (D:6)
  4 bullfrogs
  3 wights
  A knight (Lair:2)
  15 killer bees
  2 howler monkeys (D:9)
  A hound (D:6)
  2 jellies (D:6)
  3 orc priests
  6 orc wizards
  3 gnolls
  A white imp (D:7)
  11 orcs
  A goblin (Bailey)
  2 hobgoblins (D:11)
  8 kobolds
  A butterfly (Lair:1)
133 creatures vanquished.

Vanquished Creatures (others)
  Josephine (Lair:3)
  A yak (Lair:4)
  A human (D:12)
  A wight (D:9)
  A killer bee (D:9)
  An orc priest (D:12)
  16 knights
  7 ancestors
  A gnoll (D:11)
  2 orcs (D:12)
  2 hobgoblins (D:11)
  15 fungi
  26 plants
75 creatures vanquished.

Grand Total: 539 creatures vanquished

Notes
Turn   | Place    | Note
-------+----------+-------------------------------------------
     0 | D:1      | Newt the Kobold Hunter began the quest for the Orb.
     0 | D:1      | Reached XP level 1. HP: 12/12 MP: 1/1
   279 | D:1      | Reached XP level 2. HP: 18/18 MP: 2/2
   479 | D:1      | Reached XP level 3. HP: 21/23 MP: 3/3
  1433 | D:2      | HP: 1/24 [goblin/+0 club (4)]
  1620 | D:2      | Reached XP level 4. HP: 30/30 MP: 4/4
  1755 | D:2      | Noticed Robin
  1759 | D:2      | Killed Robin
  1760 | D:2      | Reached skill level 5 in Fighting
  2002 | D:2      | Identified the +0 leather armour "Imeesos" {Harm rPois rC+}
  2430 | D:3      | Reached XP level 5. HP: 35/35 MP: 5/5
  2540 | D:3      | Reached skill level 6 in Ranged Weapons
  2783 | D:3      | Found a radiant altar of Vehumet.
  2786 | D:3      | Found an ornate altar of the Wu Jian Council.
  2904 | D:3      | Noticed Sigmund
  2916 | D:3      | Killed Sigmund
  2917 | D:3      | Reached skill level 8 in Ranged Weapons
  2917 | D:3      | Reached XP level 6. HP: 34/40 MP: 6/6
  2987 | D:3      | Found Qetu's Antique Armour Shoppe.
  2990 | D:3      | Bought a scorched ring mail for 216 gold pieces
  2990 | D:3      | Identified the +5 ring mail "Jaor" {rN+ Dex-2 SInv} (You
                  | bought it in a shop on level 3 of the Dungeon)
  3136 | D:3      | Found an iron altar of Okawaru.
  3151 | D:3      | Found a glowing silver altar of Zin.
  3151 | D:3      | Noticed an angel
  3549 | D:4      | Reached XP level 7. HP: 44/44 MP: 7/7
  3605 | D:4      | Reached skill level 9 in Ranged Weapons
  3818 | D:4      | Reached skill level 10 in Ranged Weapons
  3880 | D:4      | Noticed Natasha
  3885 | D:4      | Killed Natasha
  3974 | D:4      | Found a broken altar of Ashenzari.
  4223 | D:5      | Entered Level 5 of the Dungeon
  4285 | D:5      | Reached XP level 8. HP: 19/49 MP: 8/8
  4327 | D:5      | Noticed Pikel
  4340 | D:5      | Killed Pikel
  4667 | D:5      | Found a glowing drain.
  4673 | Sewer    | Entered a sewer
  5105 | D:5      | Noticed Blork the orc
  5169 | D:5      | Found a staircase to the Ecumenical Temple.
  5417 | D:5      | Killed Blork the orc
  5425 | Temple   | Entered the Ecumenical Temple
  5510 | Temple   | Became a worshipper of Hepliaklqana the Forgotten
  5607 | D:5      | Reached XP level 9. HP: 53/54 MP: 9/9
  6091 | D:6      | Found a transporter.
  6091 | D:6      | Noticed pigah's ghost (novice OpWn)
  6095 | D:6      | Found a transporter.
  6162 | D:6      | Reached skill level 11 in Ranged Weapons
  6268 | D:6      | Reached skill level 12 in Ranged Weapons
  6454 | D:7      | Reached * piety under Hepliaklqana
  6772 | D:6      | Reached skill level 13 in Ranged Weapons
  7142 | D:7      | Identified the +2 falchion of Hospitality {flame, rElec}
  7253 | D:8      | Found a flagged portal.
  7259 | Bailey   | Entered a bailey
  7300 | Bailey   | Reached skill level 14 in Ranged Weapons
  7300 | Bailey   | Reached XP level 10. HP: 53/53 MP: 10/10
  7342 | Bailey   | Noticed an orc warlord
  7346 | Bailey   | Found a runed translucent gate.
  7346 | Bailey   | Found a runed translucent gate.
  7346 | Bailey   | Found a runed translucent gate.
  8232 | D:8      | Reached skill level 15 in Ranged Weapons
  8234 | D:8      | Noticed a two-headed ogre
  8254 | D:8      | Killed a two-headed ogre
  8677 | D:8      | Reached ** piety under Hepliaklqana
  8678 | D:8      | Remembered your ancestor Ferran as a knight
  8736 | D:8      | Noticed an unseen horror
  8769 | D:8      | Killed an unseen horror
  8770 | D:8      | Reached skill level 5 in Stealth
  9613 | D:6      | Killed pigah's ghost
  9711 | D:9      | Gained mutation: Your skin changes colour to match your
                  | surroundings (Stealth+). [potion of mutation]
  9711 | D:9      | Gained mutation: You possess an exceptional clarity of
                  | mind. [potion of mutation]
  9729 | D:9      | Reached skill level 5 in Invocations
  9729 | D:9      | Reached XP level 11. HP: 60/60 MP: 14/14
  9732 | D:9      | Reached skill level 1 in Evocations
  9801 | D:9      | Noticed Harold
  9820 | D:9      | Killed Harold
  9821 | D:9      | Reached skill level 5 in Evocations
 10054 | D:9      | Noticed a two-headed ogre
 10074 | D:9      | Reached skill level 1 in Armour
 10092 | D:9      | Killed a two-headed ogre
 10231 | D:9      | Noticed Amaemon
 10260 | D:9      | Identified the +4 ring mail of Leapfrog {Dex+2}
 10445 | D:9      | Killed Amaemon
 10503 | D:9      | Found a glowing golden altar of the Shining One.
 10714 | D:9      | HP: 2/60 [poisoned by a killer bee]
 10718 | D:9      | Reached skill level 5 in Armour
 11330 | D:10     | Entered Level 10 of the Dungeon
 11383 | D:10     | Identified a scroll of acquirement
 11383 | D:10     | Acquired the amulet "Cauq" {Spirit Drain +Inv Regen+ rCorr}
 11576 | D:10     | Reached XP level 12. HP: 67/67 MP: 15/15
 11622 | D:10     | Found an opulent altar of Gozag.
 11635 | D:10     | Noticed Erolcha
 11646 | D:10     | Killed Erolcha
 11930 | D:10     | Found an ornate altar of the Wu Jian Council.
 12231 | D:10     | Reached skill level 16 in Ranged Weapons
 12421 | D:10     | Identified the +1 scale mail of Failure {rPois Regen+
                  | Str-3}
 12544 | D:10     | Found a snail-covered altar of Cheibriados.
 12556 | D:10     | Reached *** piety under Hepliaklqana
 12833 | D:11     | Noticed a two-headed ogre
 12840 | D:11     | Killed a two-headed ogre
 12975 | D:11     | Reached skill level 17 in Ranged Weapons
 13046 | D:11     | Found a staircase to the Lair.
 13084 | D:11     | Noticed an eight-headed hydra
 13084 | D:11     | Noticed a frost giant
 13088 | D:11     | Found a runed translucent door.
 13713 | D:11     | Noticed a shock serpent
 13817 | D:12     | Noticed a two-headed ogre
 13829 | D:12     | Killed a two-headed ogre
 13830 | D:12     | Reached skill level 18 in Ranged Weapons
 14046 | D:11     | Reached skill level 10 in Dodging
 14253 | D:12     | Noticed Kirke
 14626 | D:11     | Noticed a two-headed ogre
 14887 | D:11     | Reached XP level 13. HP: 64/72 MP: 14/16
 14916 | D:11     | Killed Kirke
 15391 | D:12     | Found a staircase to the Orcish Mines.
 15617 | D:12     | Got the Atlas of Deathly Filth
 15679 | D:12     | Reached **** piety under Hepliaklqana
 15945 | D:11     | Noticed a jorogumo
 15945 | D:11     | a jorogumo changed into a broodmother
 15945 | D:11     | Noticed a broodmother (shapeshifter)
 16002 | Lair:1   | Entered Level 1 of the Lair of Beasts
 16027 | Lair:1   | Noticed a catoblepas
 16104 | D:11     | Killed a catoblepas
 16427 | Lair:1   | Reached skill level 1 in Spellcasting
 17240 | Lair:2   | Reached skill level 5 in Spellcasting
 17334 | Lair:2   | Found a bloodstained altar of Trog.
 17513 | Lair:2   | Found a staircase to the Snake Pit.
 17532 | Lair:2   | Reached ***** piety under Hepliaklqana
 18149 | Lair:2   | Noticed a six-headed hydra
 18162 | Lair:2   | Killed a six-headed hydra
 18619 | Lair:3   | Noticed an eight-headed hydra
 18630 | Lair:3   | Killed an eight-headed hydra
 18803 | Lair:3   | Found a large runed translucent door.
 18804 | Lair:3   | Found a large runed translucent door.
 18840 | Lair:3   | Noticed Fannar
 19225 | Lair:3   | Killed Fannar
 19525 | Lair:3   | Noticed Josephine
 19533 | Lair:3   | Killed Josephine
 19534 | Lair:3   | Reached XP level 14. HP: 77/77 MP: 26/26
 19895 | Lair:3   | Found a staircase to the Shoals.
 20388 | Lair:3   | Noticed cforsyth's ghost (journeyman KoBr)
 20834 | Lair:4   | Reached skill level 10 in Spellcasting
 21463 | D:12     | Mangled by a komodo dragon

Illustrated notes

Levels and vault maps discovered:
D:1:      psy_arrival_spokes, layout_loops_corners, minmay_indecisive_spiral
D:2:      layout_basic, hangedman_decor_opposing, uniq_robin
D:3:      layout_basic, lemuel_crystal_altar, nicolae_overflow_squiral,
          zin_angel, serial_shops, nicolae_shop_behind_doors,
          chequers_decorated_corner, uniq_sigmund
D:4:      layout_loops_ring, cheibrodos_ashenzari_chains,
          minmay_misc_feat_nine_boxes, uniq_natasha
D:5:      layout_basic, minmay_temple_entry_glass, cheibrodos_sewer_entry_drain,
          uniq_blork_the_orc, uniq_pikel
D:6:      layout_basic, gammafunk_ghost_arena, serial_park_tiny_pond
D:7:      layout_cave_pools
D:8:      layout_basic, serial_co_window_serial, co_window_cross_1,
          co_window_cross_1, co_window_of_opportunity_a, co_window_paths_b,
          co_window_corner_a, co_window_corner_a, co_window_corner_a,
          co_window_paths_a, co_window_paths_b, co_window_unsneaky_path_b,
          co_window_paths_c, co_window_corner_b, co_window_unsneaky_path_a,
          co_window_corner_b, co_window_paths_e, glass_columns_a,
          glass_columns_b, glass_columns_b, glass_columns_a, glass_columns_b,
          enter_bailey_2
D:9:      layout_roguey, mainiacjoe_overflow_alcove_1, special_room
          [special_room_bee], nrook_loot_triangle, minmay_misc_feat_hallway,
          uniq_harold, uniq_amaemon
D:10:     layout_layer_cave, mainiacjoe_overflow_cross_hatched,
          hangedman_feature_mirror, uniq_erolcha
D:11:     cheibrodos_orc_bank, layout_gridville, david_lair_shrubbed,
          minmay_st_funbox, corexii_hall_statues_l
D:12:     layout_cross, erik_orc_4, uniq_kirke
Temple:   hellmonk_temple_two_chambers
Lair:1:   layout_long_grid, grunt_megastairs_2, lemuel_fruit_fields
Lair:2:   layout_long_grid, nicolae_snake_entry_squirm, basic_altar
Lair:3:   layout_chaotic_city, minmay_shoals_entry_beasts,
          ebering_ghost_disaster_area, hibernation_bobbens, grunt_megastairs_3,
          uniq_josephine, uniq_fannar
Lair:4:   layout_concentric_octagons, minmay_slime_entry_eyes, st_stairs_10,
          infiniplex_staircase_pool, grunt_megastairs_1

Skill      XL: |  1  2  3  4  5  6  7  8  9 10 11 12 13 14 |
---------------+-------------------------------------------+-----
Fighting       | 3 4 5 7 8 9 |  9.0
Ranged Weapons | 8 10 14 15 18 | 18.0
Dodging        | 4 8 9 10 13 | 13.0
Stealth        | 5 |  5.0
Invocations    | 5 |  5.0
Evocations     | 7 |  7.0
Armour         | 5 |  5.0
Spellcasting   | 8 10 | 10.4

Action                     |  1- 3 |  4- 6 |  7- 9 | 10-12 | 13-15 || total
---------------------------+-------+-------+-------+-------+-------++-------
  Melee: Unarmed           |       |       |       |       |    21 ||    21
   Fire: Shortbow          |    75 |   120 |   351 |   163 |       ||   709
         Sling             |       |       |       |   709 |   802 ||  1511
 Invoke: Ancestor Life: Kn |       |       |       |     1 |       ||     1
         Recall Ancestor   |       |       |       |     2 |     5 ||     7
         Idealise          |       |       |       |       |     1 ||     1
  Evoke: Wand              |       |       |       |     1 |     9 ||    10
    Use: Scroll            |     5 |     3 |     5 |    15 |     3 ||    31
         Potion            |     2 |       |     2 |    11 |     2 ||    17
   Stab: Distracted        |       |       |       |       |     1 ||     1
 Armour: Leather armour    |     9 |     7 |       |       |       ||    16
         Animal skin       |       |    11 |       |       |       ||    11
         Ring mail         |       |     2 |   113 |   148 |   172 ||   435
  Dodge: Dodged            |    25 |    35 |   231 |   463 |   501 ||  1255

Table legend: (Time is in decaauts)
 A = Elapsed time spent in this place.
 B = Non-inter-level travel time spent in this place.
 C = Inter-level travel time spent in this place.
 D = Time resting spent in this place.
 E = Time spent auto-exploring this place.
 F = Levels seen in this place.
 G = Mean time per level.
                   A        B        C        D        E       F      G
               +--------+--------+--------+--------+--------+-----+--------+
         Total |  21344 |  20051 |   1293 |   3276 |  13252 |  19 | 1123.4 |
       Dungeon |  15811 |  14664 |   1147 |   2362 |   9742 |  12 | 1317.6 |
        Temple |     91 |     75 |     16 |      0 |     68 |   1 |   91.0 |
          Lair |   4768 |   4639 |    129 |    773 |   3106 |   4 | 1192.0 |
         Sewer |    214 |    214 |      0 |      0 |    170 |   1 |  214.0 |
        Bailey |    458 |    458 |      0 |    140 |    165 |   1 |  458.0 |
               +--------+--------+--------+--------+--------+-----+--------+

Top non-repeatable levels by time:
    D:11: 2376 daAuts
  Lair:3: 1903 daAuts
     D:8: 1715 daAuts
     D:9: 1608 daAuts
    D:10: 1522 daAuts
  Lair:2: 1389 daAuts
     D:2: 1312 daAuts
     D:5: 1312 daAuts
     D:6: 1236 daAuts
  Lair:1: 1122 daAuts
     D:1: 1100 daAuts
     D:3: 1059 daAuts
    D:12: 1054 daAuts
     D:4: 892 daAuts
     D:7: 621 daAuts
